 Dungeon Crawl Stone Soup version 0.24.0-3-g28a8eb0610 (webtiles) character file.

Game seed: 11998207505012723068, levelgen mode: deterministic

12394 thelollipopguild the Grappler (level 11, -1/111 HPs)
             Began as a Troll Fighter on Nov 1, 2019.
             Was a High Priest of Cheibriados.
             Hit by a boomerang thrown by an orc warrior (3 damage)
             ... on level 10 of the Dungeon.
             The game lasted 01:17:05 (10710 turns).

thelollipopguild the Grappler (Troll Fighter)      Turns: 10710, Time: 01:17:05

Health: -1/111     AC: 14    Str: 41    XL:     11   Next: 61%
Magic:  11/14      EV: 11    Int: 16    God:    Cheibriados [*****.]
Gold:   405        SH: 13    Dex: 21    Spells: 10/10 levels left

rFire    . . .     SeeInvis .     - Unarmed
rCold    . . .     Gourm    +   b - +0 shield
rNeg     . . .     Faith    .   a - +0 robe
rPois    +         Spirit   .   M - +2 hat
rElec    .         Reflect  .   s - +0 cloak
rCorr    .         Harm     .   (gloves unavailable)
MR       .....                  (boots unavailable)
Stlth    ++........             (no amulet)
HPRegen  0.68/turn              y - ring of poison resistance
MPRegen  0.14/turn              m - +5 ring of protection

@: very slow
A: large, unfitting armour, claws 3, fast metabolism 3, gourmand, regeneration
1, shaggy fur 1, tough skin 3
a: Bend Time, Temporal Distortion, Slouch, Step From Time, Renounce Religion


You were on level 10 of the Dungeon.
You worshipped Cheibriados.
Cheibriados was extremely pleased with you.
You were completely stuffed.

You visited 3 branches of the dungeon, and saw 12 of its levels.

You collected 597 gold pieces.
You spent 192 gold pieces at shops.

Inventory:

Hand Weapons
 D - a +1 broad axe of venom
Missiles
 i - 11 boomerangs (quivered)
 v - 6 boomerangs of dispersal
 A - 2 throwing nets
 I - 4 silver boomerangs
Armour
 a - a +0 robe (worn)
 b - a +0 shield (worn)
 s - a +0 cloak (worn)
 M - a +2 hat (worn)
Jewellery
 l - an uncursed ring of poison resistance
 m - a +5 ring of protection (right claw)
 x - a +3 ring of protection
 y - a ring of poison resistance (left claw)
 z - a +3 ring of dexterity
Wands
 w - a wand of polymorph (13)
 H - a wand of digging (4)
Scrolls
 e - 2 scrolls of magic mapping {unknown}
 f - a scroll of immolation
 g - a scroll of fear
 j - 3 scrolls of remove curse
 k - 2 scrolls of amnesia
 p - a scroll of fog {unknown}
 r - 3 scrolls of enchant armour
 B - a scroll of summoning {unknown}
 C - 5 scrolls of teleportation
 E - a scroll of random uselessness {unknown}
 F - a scroll of enchant weapon {unknown}
Potions
 c - 3 potions of might
 h - a potion of flight
 n - 3 potions of cancellation
 o - a potion of agility
 q - a potion of heal wounds
 t - a potion of lignification {unknown}
 u - 2 potions of curing
 G - a potion of mutation {unknown}
Miscellaneous
 K - a phantom mirror
 L - a box of beasts
Comestibles
 d - 22 rations
 J - 12 chunks of flesh


   Skills:
 + Level 7.8 Fighting
 - Level 2.4 Dodging
 + Level 7.8 Shields
 * Level 12.2 Unarmed Combat
 + Level 6.2 Invocations


You had 10 spell levels left.
You didn't know any spells.
Your spell library contained the following spells:

 Spells                   Type           Power        Failure   Level  Hunger
 Cause Fear               Hex            #.........   97%         4    #####..
 Silence                  Hex/Air        #.........   100%        5    ######.
 Yara's Violent Unravell  Hex/Tmut       #.........   100%        5    ######.
 Deflect Missiles         Chrm/Air       #.........   100%        6    #######
 Discord                  Hex            #.........   100%        8    #######


Dungeon Overview and Level Annotations

Branches:
Dungeon (10/15)            Temple (1/1) D:5             Orc (1/2) D:10
   Lair: D:8-11

Altars:
Ashenzari
Cheibriados
Dithmenos
Elyvilon
Fedhas
Gozag
Hepliaklqana
Kikubaaqudgha
Makhleb
Nemelex Xobeh
Okawaru
Qazlal
Ru
Sif Muna
Trog
Uskayaw
Vehumet
Wu Jian
Xom
Yredelemnul
Zin
The Shining One

Shops:
D:4 :}*   D:7 *   D:10 [(

Annotations:
D:4 3 runed translucent doors, Mrkan's ghost, novice HOFi; topfpfpflanze's ghost, amateur FeMo
D:8 3 runed translucent doors, RandomHacker's ghost, novice MiBe


Innate Abilities, Weirdness & Mutations

You are too large for most types of armour.
You have claws for hands.
Your metabolism is lightning-fast.
You like to eat raw meat.
Your natural rate of healing is unusually fast.
You are covered in fur. (AC +1)
You have extremely tough skin. (AC +3)


Message History

As you read the scroll of fear, it crumbles to dust.
You assume a fearsome visage.
The orc looks frightened!
The orc warrior looks frightened! x2; The orc looks frightened!
The ogre looks frightened!
As you read the scroll of teleportation, it crumbles to dust.
You feel strangely unstable. The ogre yells at you, "GO AWAY!"
Some of the chunks of flesh in your inventory have rotted away.
You see here a +0 ring mail.
An adder comes into view.
Your surroundings seem slightly different.
The adder moves out of view.
Cornered, the orc turns to fight!
The orc warrior pleads, "Please don't kill me!"
Cornered, the orc warrior turns to fight!
The orc warrior throws a boomerang.
The boomerang hits you!
* * * LOW HITPOINT WARNING * * *
The weapon returns to the orc warrior!
The orc warrior throws a boomerang.
The boomerang hits you.
You die...

#...........# ...
#.....>...# ..(
#....[..))# S...
#....))...# ....
#.....)>).. #.##
#..o...)..#
#..########.........#
##............#.######
#....@........#.#
##.#....[.[......#
##..#...∩[>.∩....##
#..÷÷..o.........#
#.##÷............# #
#o............#
############.## #.#
#.#


You could see an orc warrior, an adder (sleeping) and an orc.

Vanquished Creatures
  A two-headed ogre (D:3)
  A queen ant (D:8)
  An unseen horror (D:10)
  An ugly thing (D:10)
  4 molten gargoyles (D:9)
  Grinder (D:6)
  2 hippogriffs (D:8)
  10 yaks (D:9)
  A water moccasin (D:10)
  9 soldier ants (D:8)
  A porcupine (D:10)
  10 orc warriors
  An ice beast (D:7)
  A sky beast (D:6)
  An eye of draining (D:9)
  5 ogres
  A necrophage (D:6)
  3 centaurs
  3 phantoms
  2 big kobolds (D:8)
  3 bullfrogs
  A wyvern zombie (D:7)
  8 scorpions
  5 wights (D:9)
  4 howler monkeys
  3 jellies
  2 bullfrog zombies
  9 orc priests
  3 hounds
  A bullfrog skeleton (D:7)
  12 orc wizards
  4 centaur skeletons
  5 iguanas
  Terence (D:2)
  31 worker ants
  A killer bee zombie (D:8)
  A hound zombie (D:7)
  A hound skeleton (D:6)
  6 gnolls
  15 adders
  A shadow imp (D:8)
  2 oozes
  2 worms
  4 dart slugs
  3 leopard geckos
  60 orcs
  7 bats
  6 giant cockroaches
  9 goblins
  6 hobgoblins
  16 jackals
  12 kobolds
  5 quokkas
  6 frilled lizards
  A jackal skeleton (D:8)
  5 rats
320 creatures vanquished.

Notes
Turn   | Place    | Note
-------+----------+-------------------------------------------
     0 | D:1      | thelollipopguild the Troll Fighter began the quest for the
                  | Orb.
     0 | D:1      | Reached XP level 1. HP: 22/22 MP: 0/0
   141 | D:1      | You fall into a shaft and drop 1 floor!
   226 | D:2      | Reached XP level 2. HP: 24/29 MP: 1/1
   653 | D:1      | Reached XP level 3. HP: 36/36 MP: 2/2
   918 | D:1      | Reached skill level 3 in Unarmed Combat
  1114 | D:2      | Noticed Terence
  1133 | D:2      | Reached XP level 4. HP: 34/44 MP: 3/3
  1146 | D:2      | Killed Terence
  1779 | D:3      | Reached skill level 4 in Unarmed Combat
  1779 | D:3      | Reached XP level 5. HP: 47/53 MP: 4/4
  2252 | D:3      | Found a shimmering altar of Xom.
  2259 | D:3      | Found a shimmering altar of Xom.
  2261 | D:3      | Found a shimmering altar of Xom.
  2261 | D:3      | Found a shimmering altar of Xom.
  2261 | D:3      | Found a shimmering altar of Xom.
  2262 | D:3      | Found a shimmering altar of Xom.
  2569 | D:3      | Found a shattered altar of Ashenzari.
  2758 | D:4      | Reached XP level 6. HP: 53/61 MP: 5/5
  2828 | D:4      | Reached skill level 5 in Unarmed Combat
  3154 | D:4      | Reached XP level 7. HP: 68/68 MP: 6/6
  3159 | D:4      | Noticed a two-headed ogre
  3183 | D:3      | Killed a two-headed ogre
  3183 | D:3      | Reached skill level 7 in Unarmed Combat
  3183 | D:3      | Reached XP level 8. HP: 24/79 MP: 7/7
  3405 | D:4      | Found Byimimmo's Book Boutique.
  3561 | D:4      | Found Wiegio Zioje's Gadget Shoppe.
  3752 | D:4      | Found a shadowy altar of Dithmenos.
  3755 | D:4      | Found a runed translucent gate.
  3755 | D:4      | Found a runed translucent gate.
  3755 | D:4      | Found a runed translucent gate.
  3759 | D:4      | Noticed topfpfpflanze's ghost (amateur FeMo)
  3759 | D:4      | Noticed Mrkan's ghost (novice HOFi)
  3829 | D:4      | Found Lapneomo's Assorted Antiques.
  3879 | D:4      | Reached skill level 5 in Fighting
  3879 | D:4      | Reached skill level 5 in Shields
  4152 | D:5      | Entered Level 5 of the Dungeon
  4458 | D:5      | Found an ancient bone altar of Kikubaaqudgha.
  4554 | D:5      | Found a staircase to the Ecumenical Temple.
  4563 | Temple   | Entered the Ecumenical Temple
  4661 | Temple   | Became a worshipper of Cheibriados the Contemplative
  4850 | D:6      | Reached skill level 8 in Unarmed Combat
  4900 | D:6      | Reached skill level 1 in Invocations
  5070 | D:6      | Found a stormy altar of Qazlal.
  5141 | D:6      | Reached XP level 9. HP: 85/88 MP: 9/9
  5295 | D:6      | Noticed Grinder
  5320 | D:6      | Killed Grinder
  5367 | D:6      | Reached * piety under Cheibriados
  5622 | D:6      | Found a hazy altar of Hepliaklqana.
  5633 | D:6      | Reached skill level 9 in Unarmed Combat
  5797 | D:6      | Found a shimmering blue altar of Sif Muna.
  5833 | D:7      | Found an ornate altar of the Wu Jian Council.
  5923 | D:7      | Found an opulent altar of Gozag.
  5927 | D:7      | Found Yvefiufi's Elemental Accessories.
  6134 | D:7      | Reached ** piety under Cheibriados
  6560 | D:7      | Found a hide-covered altar of Uskayaw.
  7308 | D:8      | Found a runed translucent gate.
  7308 | D:8      | Found a runed translucent gate.
  7308 | D:8      | Noticed RandomHacker's ghost (novice MiBe)
  7308 | D:8      | Noticed a kobold demonologist
  7310 | D:8      | Found a runed translucent gate.
  7333 | D:8      | Found a radiant altar of Vehumet.
  7337 | D:8      | Reached XP level 10. HP: 84/98 MP: 11/11
  7444 | D:8      | Reached skill level 10 in Unarmed Combat
  7446 | D:8      | Reached *** piety under Cheibriados
  7688 | D:8      | Noticed a queen ant
  7703 | D:8      | Killed a queen ant
  7877 | D:8      | Reached **** piety under Cheibriados
  8319 | D:8      | Reached skill level 11 in Unarmed Combat
  8799 | D:9      | Reached skill level 5 in Invocations
  8822 | D:9      | Reached XP level 11. HP: 100/109 MP: 13/13
  8877 | D:9      | Found an iron altar of Okawaru.
  8918 | D:9      | Reached ***** piety under Cheibriados
  9572 | D:9      | Found a bloodstained altar of Trog.
 10034 | D:9      | Found a shattered altar of Ashenzari.
 10075 | D:10     | Entered Level 10 of the Dungeon
 10414 | D:10     | Reached skill level 12 in Unarmed Combat
 10433 | D:10     | Killed an unseen horror
 10540 | D:10     | Noticed a cyan ugly thing
 10549 | D:10     | Killed a cyan ugly thing
 10563 | D:10     | Found Ulamotzu's Weapon Shop.
 10608 | D:10     | Found a staircase to the Orcish Mines.
 10612 | D:10     | Found Gylu's Armour Shop.
 10671 | D:10     | Bought a +2 hat for 192 gold pieces
 10681 | Orc:1    | Entered Level 1 of the Orcish Mines
 10703 | Orc:1    | HP: 4/111 [ogre/+0 giant club (6)]
 10709 | D:10     | HP: 1/111 [orc warrior/boomerang (9)]
 10710 | D:10     | Hit by a boomerang thrown by an orc warrior

Levels and vault maps discovered:
D:1:      scummos_arrival_forest, layout_basic, serial_bayou,
          serial_bayou_shore_b, serial_bayou_ford_a, serial_bayou_lagoon_a,
          serial_bayou_pond_a, serial_bayou_lake_a
D:2:      layout_basic, first_ration, uniq_terence
D:3:      layout_loops_ring, xom_redecorated, serial_bayou_pond_d,
          ashenzari_altar_1
D:4:      layout_rooms, grunt_dithmenos_smoke_and_mirrors, serial_rivers,
          chequers_serial_rivers_micro_c, chequers_serial_rivers_large_a,
          chequers_serial_rivers_large_b, chequers_serial_rivers_micro_a,
          chequers_serial_rivers_small_a, gammafunk_ghost_cemetery,
          serial_shops, shop_fountains, shop, nicolae_shop_behind_doors,
          st_stairs_13, amethyst_killhole, minmay_starry_boxes
D:5:      layout_basic, kiku_gazebo_garden_becter, temple_statues
D:6:      layout_rooms, overflow_temple_1_default, lemuel_doored_altar,
          led_sif_pool, roderic_lattice_a, uniq_grinder
D:7:      layout_basic, kennysheep_little_box, kennysheep_mini,
          overflow_temple_1_default, nicolae_elemental_shop
D:8:      layout_basic, overflow_temple_1_default,
          gammafunk_ghost_nasty_kobolds, hangedman_pestilent_swarm, st_stairs_3,
          zaba_antful_of_joy
D:9:      layout_loops_corners, kennysheep_okawaru_gauntlet,
          lemuel_coloured_pillars_altar, bloody_trog, minmay_misc_feat_cross,
          hangedman_decor_lopped, minivault_8
D:10:     layout_roguey [special_room_orc], grunt_lair_entry_orc_guard_hut,
          orc_david_3
Temple:   compressed_dpeg_triangle_lava_temple
Orc:1:    nicolae_orc_accident_1, layout_caves, uniq_erolcha

Skill      XL: |  1  2  3  4  5  6  7  8  9 10 11 |
---------------+----------------------------------+-----
Unarmed Combat | 3 4 5 7 8 9 11 12 | 12.2
Fighting       | 3 4 5 6 7 |  7.8
Shields        | 3 4 5 6 7 |  7.8
Invocations    | 1 3 5 6 |  6.2
Dodging        | |  2.4

Action                   |  1- 3 |  4- 6 |  7- 9 | 10-12 || total
-------------------------+-------+-------+-------+-------++-------
Melee: Unarmed           |    90 |   187 |   321 |   356 ||   954
Throw: Boomerang         |       |       |    12 |    43 ||    55
Invok: Slouch            |       |       |       |     2 ||     2
       Temporal Distorti |       |       |       |     2 ||     2
  Use: Scroll            |       |     3 |    10 |     3 ||    16
       Potion            |       |       |       |     3 ||     3
 Stab: Sleeping          |       |     1 |       |       ||     1
  Eat: Chunk             |    11 |    24 |    34 |    21 ||    90
Armor: Robe              |    38 |    39 |    60 |   114 ||   251
Dodge: Dodged            |    42 |    44 |    71 |   130 ||   287
Block: Shield            |    45 |    57 |   142 |   267 ||   511
